 Dungeon Crawl Stone Soup version 0.19-a0-1051-gdb7e7f8 (webtiles) character file.

16 Jmtri7 the Changer (level 2, 0/18 HPs)
             Began as an Octopode Transmuter on Aug 2, 2016.
             Slain by a worm (2 damage)
             ... on level 2 of the Dungeon.
             The game lasted 00:02:04 (574 turns).

Jmtri7 the Changer (Octopode Transmuter)             Turns: 574, Time: 00:02:04

Health: 0/18       AC:  1    Str:  9    XL:     2   Next: 58%
Magic:  5/5        EV: 13    Int: 15    God:
Gold:   26         SH:  0    Dex: 12    Spells: 1 memorised, 4 levels left

rFire  . . .     SeeInvis .       - Unarmed
rCold  . . .     Gourm    .     (no shield)
rNeg   . . .     Faith    .     (helmet restricted)
rPois  +         Spirit   .     (no amulet)
rElec  .         Dismiss  .     m - ring of poison resistance
rCorr  .         Reflect  .     (no ring)
SustAt .         Harm     .     (no ring)
MR     .....                    (no ring)
Stlth  ++........               (no ring)
                                (no ring)
                                (no ring)
                                (no ring)

@: not resistant to hostile enchantments, unstealthy
A: almost no armour, amphibious, 8 rings, constrict 8, camouflage 1, gelatinous
body 1
a: no special abilities


You were on level 2 of the Dungeon.
You were not hungry.

You visited 1 branch of the dungeon, and saw 2 of its levels.

You collected 26 gold pieces.

Inventory:

Missiles
 a - 12 arrows
Jewellery
 m - a ring of poison resistance (left tentacle)
Scrolls
 e - 2 scrolls of noise {unknown}
 g - a scroll of fear {unknown}
 h - a scroll of enchant armour {unknown}
 i - a scroll of teleportation {unknown}
 j - a scroll of identify {unknown}
 l - 2 scrolls of remove curse {unknown}
Potions
 k - a potion of curing {unknown}
Books
 b - a book of Changes

   Spells                             Type                      Level
   a - Beastly Appendage              Transmutation                1
   b - Sticks to Snakes               Transmutation                2
   c - Spider Form                    Transmutation/Poison         3
   d - Ice Form                       Ice/Transmutation            4
   e - Blade Hands                    Transmutation                5
Comestibles
 c - a bread ration
 d - 4 chunks of flesh
 f - 4 fruits


   Skills:
 - Level 1.0 Fighting
 - Level 2.0 Dodging
 - Level 3.0 Unarmed Combat
 - Level 2.0 Spellcasting
 + Level 3.1 Transmutations


You had 4 spell levels left.
You knew the following spells:

 Your Spells              Type           Power        Failure   Level  Hunger
a - Beastly Appendage     Tmut           ##....       8%          1    #......


Dungeon Overview and Level Annotations

Branches:
Dungeon (2/15)

Altars:


Innate Abilities, Weirdness & Mutations

You cannot wear most types of armour.
You are amphibious.
You can wear up to eight rings at the same time.
You can use your tentacles to constrict eight enemies at once.
Your skin changes colour to match your surroundings (Stealth+).
Your rubbery body absorbs attacks. (AC +1, EV +1)


Message History

You kill the worm!
A worm comes into view.
Found a fizzy white potion.
Found a club.
You tentacle-slap the worm but do no damage.
You grab the worm. You squeeze the worm!
The worm is moderately wounded.
You constrict the worm. The worm barely misses you.
You tentacle-slap the worm but do no damage.
The worm is moderately wounded.
You constrict the worm. You tentacle-slap the worm. You squeeze the worm.
The worm is severely wounded.
You constrict the worm. The worm bites you!
Ouch! That really hurt!
* * * LOW HITPOINT WARNING * * *
You tentacle-slap the worm but do no damage.
The worm is severely wounded.
You constrict the worm. The worm bites you.
You die...

#### .. ..#### #.
#.......#
#.##.##.##)#
#.#.....##.#
#....##.##.#####
#..........@w!.#
#####...##.##.###.#
..............#
####..>#######
##.## ##'## ##...##
##.....##
##.......##


You could see a worm.

Vanquished Creatures
  A worm (D:2)
  A giant cockroach (D:1)
  4 goblins
  A hobgoblin (D:1)
  4 giant newts (D:1)
  A kobold (D:1)
  4 rats
16 creatures vanquished.

Notes
Turn   | Place    | Note
-------+----------+-------------------------------------------
     0 | D:1      | Jmtri7 the Octopode Transmuter began the quest for the Orb.
     0 | D:1      | Reached XP level 1. HP: 13/13 MP: 3/3
   358 | D:1      | Reached XP level 2. HP: 15/18 MP: 5/5
   574 | D:2      | Slain by a worm

Vault maps used:
D:1:      dpeg_arrival_tiny_f
D:2:      first_bread

Skill      XL: |  1  2 |
---------------+-------+-----
Transmutations | 3 |  3.1
Fighting       | |  1.0
Dodging        | |  2.0
Unarmed Combat | |  3.0
Spellcasting   | |  2.0

Action                   || total
-------------------------++-------
Melee: Unarmed           ||    37
       Constrict         ||    10
       Tentacles         ||     8
 Stab: Sleeping          ||     6
Armor: Skin              ||     4
Dodge: Dodged            ||    14
